Flames vs Panthers
(R2)
Created - October 15, 2017 at 09:02
Goals
|
| Flames |
1 |
3 |
1 |
5 |
| Panthers |
2 |
1 |
0 |
3 |
|
Shots
|
| Flames |
7 |
13 |
7 |
27 |
| Panthers |
5 |
9 |
8 |
22 |
|
1st period
1. Panthers , Matthew Spiller 1 (Daniel Sedin 1, Scott Gomez 2) at 2:02
2. Panthers , Jeff Tambellini 1 (Erik Gudbranson 2) at 5:42
3. Flames , Steve Regier 1 (Erik Johnson 1, Patrik Berglund 1) at 8:56
Penalties :
Erik Gudbranson (Flo) for Roughing (Minor) at 3:30, Brad Marchand (Cal) for Hooking (Minor) at 11:40, Jonathan Sigalet (Flo) for Hooking (Minor) at 16:24
2nd period
4. Panthers , Marian Hossa 3 (Erik Gudbranson 3, Guillaume Latendresse 3) at 2:26 (PP)
5. Flames , Eric Staal 4 (Erik Johnson 2, David Backes 2) at 11:46
6. Flames , Patrik Berglund 3 (Derek Meech 2) at 12:31 (PP)
7. Flames , Alexander Semin 1 (David Backes 3, Eric Staal 1) at 14:35 (PP)
Penalties :
Eric Staal (Cal) for Hooking (Minor) at 2:10, Scott Gomez (Flo) for Tripping (Minor) at 4:01, Guillaume Latendresse (Flo) for Roughing (Minor) at 11:55, Radko Gudas (Flo) for High sticking (Minor) at 14:20, Erik Gudbranson (Flo) for Holding (Minor) at 14:59
3rd period
8. Flames , Derek Meech 1 (Alexander Semin 3, Eric Staal 2) at 19:34
Penalties :
Noah Welch (Cal) for Holding (Minor) at 0:16, Scott Gomez (Flo) for Hooking (Minor) at 10:54, Eric Staal (Cal) for Hooking (Minor) at 13:48
Goalie Stats
Pekka Rinne (Cal), 19 saves from 22 shots - (0.864), W, 2-0-0, 60:00 minutes
Antti Niemi (Flo), 22 saves from 27 shots - (0.815), L, 0-1-0, 60:00 minutes
Players Stats for Flames
Player Name G A P +/- PIM S H SB GA TA FO MP PP MP PK MP
------------------------------------------------------------------------------------
Alexander Semin 1 1 2 2 0 2 2 1 1 0 1/1 22:33 5:58 3:02
Brad Marchand 0 0 0 0 2 1 0 1 0 1 0/2 13:36 0:01 1:41
Colin Wilson 0 0 0 0 0 0 1 0 0 0 3/7 10:18 0:02 0:00
David Backes 0 2 2 2 0 2 3 0 2 0 0/0 19:58 5:58 0:00
Derek Meech 1 1 2 3 0 4 4 0 0 0 0/0 24:44 4:08 2:33
Eric Staal 1 2 3 2 4 3 4 1 0 0 13/31 22:04 5:58 1:46
Erik Johnson 0 2 2 2 0 0 2 3 2 0 0/0 23:51 6:38 0:14
Jonathan Ferland 0 0 0 -1 0 0 1 0 0 1 0/0 7:40 0:01 0:00
Jordin Tootoo 0 0 0 -1 0 1 2 1 1 0 0/0 19:54 4:47 3:00
Lubomir Visnovsky 0 0 0 0 0 0 0 1 0 1 0/0 18:22 4:08 2:33
Marcel Goc 0 0 0 -1 0 1 3 0 0 1 0/0 7:56 0:00 0:35
Michel Ouellet 0 0 0 1 0 1 0 0 0 0 0/0 9:18 0:00 0:00
Mikhail Grabovski 0 0 0 -1 0 1 1 0 0 0 3/4 9:32 0:00 2:11
Noah Welch 0 0 0 -2 2 0 2 1 0 0 0/0 19:18 6:38 0:00
Patrik Berglund 1 1 2 -1 0 3 2 0 2 1 7/12 16:27 4:47 0:00
Ron Hainsey 0 0 0 0 0 1 0 1 0 0 0/0 15:45 0:00 3:26
Steve Eminger 0 0 0 -1 0 2 1 1 0 1 0/0 18:01 0:00 3:40
Steve Regier 1 0 1 1 0 5 3 0 1 1 0/0 14:26 4:46 0:11
Players Stats for Panthers
Player Name G A P +/- PIM S H SB GA TA FO MP PP MP PK MP
------------------------------------------------------------------------------------
Alexander Perezhogin 0 0 0 -2 0 0 0 0 0 0 0/0 12:13 0:21 0:00
Cody Ceci 0 0 0 1 0 0 1 0 1 0 0/0 15:47 0:00 5:07
Daniel Sedin 0 1 1 1 0 0 0 0 0 0 0/0 3:54 0:24 0:23
Erik Gudbranson 0 2 2 -3 4 1 3 4 0 1 0/0 28:11 4:05 4:29
Guillaume Latendresse 0 1 1 -2 2 5 5 1 2 1 3/6 25:24 3:34 5:00
Jeff Tambellini 1 0 1 1 0 3 0 0 0 1 0/0 12:56 1:54 2:45
Jonathan Matsumoto 0 0 0 1 0 0 0 0 0 0 0/4 7:24 0:00 0:21
Jonathan Sigalet 0 0 0 -3 2 2 1 1 1 1 0/0 26:02 4:05 3:00
Marian Hossa 1 0 1 0 0 3 2 0 0 0 1/2 18:47 3:00 1:47
Matthew Spiller 1 0 1 1 0 1 0 0 0 1 0/0 21:47 2:08 7:00
Peter Prucha 0 0 0 0 0 4 1 0 2 0 1/1 15:43 2:52 0:00
Radko Gudas 0 0 0 1 2 0 2 0 0 1 0/0 17:17 2:08 1:56
Scott Gomez 0 1 1 0 4 1 3 1 1 0 8/17 20:15 2:52 3:49
Sergei Samsonov 0 0 0 -1 0 0 1 0 0 0 0/0 12:26 0:21 0:28
Shawn Horcoff 0 0 0 -1 0 0 1 0 0 0 7/7 16:50 0:21 4:54
Tim Connolly 0 0 0 -1 0 2 0 0 0 1 9/19 16:06 3:00 2:05
Tomas Kopecky 0 0 0 1 0 0 0 0 0 1 1/1 6:50 0:00 0:00
William Colbert 0 0 0 1 0 0 1 0 0 1 0/0 11:15 0:00 0:00
3 Stars
1 - Derek Meech (Cal)
2 - Alexander Semin (Cal)
3 - Eric Staal (Cal)
Power Play
Flames - 2 on 7 Attempt(s) - 28.57%
Panthers - 1 on 4 Attempt(s) - 25.00%
Penalty Kill
Flames - 3 on 4 Attempt(s) - 75.00%
- Score 0 goal in Penalty Kill
Panthers - 5 on 7 Attempt(s) - 71.43%
- Score 0 goal in Penalty Kill
Team Stat
Flames - Hits : 31 - Faceoff Wins : 27 - Blocked Shots : 11 - Penalty Minutes : 8
Panthers - Hits : 21 - Faceoff Wins : 30 - Blocked Shots : 7 - Penalty Minutes : 14
Official
Referees : L'Ecuyer Frederick and Lee Chris
Linesman : Bryan Pancich and Steve Barton
Game Notes
Daniel Sedin is injured at 12:31 of 1st period (Left Hip)
Finance
Level 1 -- Attendance: 5867 (97.78%) -- Ticket Income $516,296
Level 2 -- Attendance: 4662 (93.24%) -- Ticket Income $256,410
Level 3 -- Attendance: 1174 (58.70%) -- Ticket Income $58,700
Level 4 -- Attendance: 2710 (67.75%) -- Ticket Income $86,720
Luxury Box -- Attendance: 1000 (100.00%) -- Ticket Income $145,000
Game was played at the Bank Atlantic Cente.
Total Attendance: 15413 (85.63%)
Total Ticket Income: $1,063,126
Other Income: $159,469
Total Income: $1,222,595
Flames
5 vs 5 Forward
Center Left Wing Right Wing Time % Phy DF OF
1 Eric Staal Alexander Semin David Backes 38 1 2 2
2 Patrik Berglund Brad Marchand Jordin Tootoo 32 1 2 2
3 Colin Wilson Steve Regier Michel Ouellet 20 1 2 2
4 Mikhail Grabovski Marcel Goc Jonathan Ferland 10 1 2 2
5 vs 5 Defense
Defense Defense Time % Phy DF OF
1 Derek Meech Erik Johnson 38 1 2 2
2 Noah Welch Steve Eminger 29 1 2 2
3 Ron Hainsey Lubomir Visnovsky 23 1 2 2
4 Ron Hainsey Steve Eminger 10 1 2 2
PowerPlay Forward
Center Left Wing Right Wing Time % Phy DF OF
1 Eric Staal Alexander Semin David Backes 60 1 1 3
2 Patrik Berglund Steve Regier Jordin Tootoo 40 1 1 3
PowerPlay Defense
Defense Defense Time % Phy DF OF
1 Noah Welch Erik Johnson 60 1 1 3
2 Derek Meech Lubomir Visnovsky 40 1 1 3
Penalty Kill 4 Players Forward
Center Wing Time % Phy DF OF
1 Mikhail Grabovski Alexander Semin 50 1 3 1
2 Eric Staal Jordin Tootoo 50 1 2 2
Penalty Kill 4 Players Defense
Defense Defense Time % Phy DF OF
1 Ron Hainsey Steve Eminger 58 1 3 1
2 Derek Meech Lubomir Visnovsky 42 1 2 2
Penalty Kill - 3 Players Forward
Forward Time % Phy DF OF
1 David Backes 50 1 3 1
2 Alexander Semin 50 1 3 1
Penalty Kill - 3 Players Defense
Defense Defense Time % Phy DF OF
1 Ron Hainsey Steve Eminger 58 1 3 1
2 Derek Meech Lubomir Visnovsky 42 1 3 1
4 vs 4 Forward
Center Wing Time % Phy DF OF
1 Mikhail Grabovski Alexander Semin 60 1 2 2
2 Patrik Berglund Jordin Tootoo 40 1 2 2
4 vs 4 Defense
Defense Defense Time % Phy DF OF
1 Derek Meech Erik Johnson 60 1 2 2
2 Ron Hainsey Steve Eminger 40 1 2 2
Last Minutes Offensive
Center Left Wing Right Wing Defense Defense
Eric Staal Alexander Semin David Backes Derek Meech Erik Johnson
Last Minutes Defensive
Center Left Wing Right Wing Defense Defense
Eric Staal Alexander Semin David Backes Derek Meech Erik Johnson
Goaltenders
Starting : Pekka Rinne
Backup : Josh Harding
Extra Forwards
Normal : Brad Marchand, Jordin Tootoo, Colin Wilson - PP : Colin Wilson, Brad Marchand - PK : Brad Marchand
Extra Defensemen
Normal : Derek Meech, Lubomir Visnovsky, Ron Hainsey - PP : Ron Hainsey - PK : Erik Johnson, Derek Meech
Penalty Shots
Eric Staal, Alexander Semin, David Backes, Patrik Berglund, Colin Wilson
Scratches
None
Panthers
5 vs 5 Forward
Center Left Wing Right Wing Time % Phy DF OF
1 Tim Connolly Guillaume Latendresse Marian Hossa 40 0 2 3
2 Scott Gomez Daniel Sedin Peter Prucha 30 0 2 3
3 Shawn Horcoff Sergei Samsonov Alexander Perezhogin 20 1 2 2
4 Jonathan Matsumoto Jeff Tambellini Tomas Kopecky 10 1 2 2
5 vs 5 Defense
Defense Defense Time % Phy DF OF
1 Jonathan Sigalet Erik Gudbranson 40 0 2 3
2 Matthew Spiller Radko Gudas 30 0 2 3
3 William Colbert Cody Ceci 20 1 2 2
4 Jonathan Sigalet Erik Gudbranson 10 0 2 3
PowerPlay Forward
Center Left Wing Right Wing Time % Phy DF OF
1 Tim Connolly Guillaume Latendresse Marian Hossa 60 1 0 4
2 Scott Gomez Daniel Sedin Peter Prucha 40 1 0 4
PowerPlay Defense
Defense Defense Time % Phy DF OF
1 Jonathan Sigalet Erik Gudbranson 60 1 1 3
2 Matthew Spiller Radko Gudas 40 1 1 3
Penalty Kill 4 Players Forward
Center Wing Time % Phy DF OF
1 Scott Gomez Guillaume Latendresse 60 1 3 1
2 Shawn Horcoff Marian Hossa 40 1 3 1
Penalty Kill 4 Players Defense
Defense Defense Time % Phy DF OF
1 Matthew Spiller Erik Gudbranson 60 1 4 0
2 Jonathan Sigalet Cody Ceci 40 1 3 1
Penalty Kill - 3 Players Forward
Forward Time % Phy DF OF
1 Guillaume Latendresse 60 1 3 1
2 Scott Gomez 40 1 3 1
Penalty Kill - 3 Players Defense
Defense Defense Time % Phy DF OF
1 Matthew Spiller Erik Gudbranson 60 1 3 1
2 Jonathan Sigalet Cody Ceci 40 1 3 1
4 vs 4 Forward
Center Wing Time % Phy DF OF
1 Tim Connolly Guillaume Latendresse 60 0 2 3
2 Scott Gomez Marian Hossa 40 0 2 3
4 vs 4 Defense
Defense Defense Time % Phy DF OF
1 Jonathan Sigalet Erik Gudbranson 60 0 2 3
2 Matthew Spiller Radko Gudas 40 1 2 2
Last Minutes Offensive
Center Left Wing Right Wing Defense Defense
Tim Connolly Guillaume Latendresse Marian Hossa Jonathan Sigalet Erik Gudbranson
Last Minutes Defensive
Center Left Wing Right Wing Defense Defense
Scott Gomez Guillaume Latendresse Peter Prucha Matthew Spiller Cody Ceci
Goaltenders
Starting : Antti Niemi
Backup : Petr Mrazek
Extra Forwards
Normal : Daniel Sedin, Guillaume Latendresse, Marian Hossa - PP : Daniel Sedin, Guillaume Latendresse - PK : Shawn Horcoff
Extra Defensemen
Normal : Matthew Spiller, Jonathan Sigalet, Erik Gudbranson - PP : Jonathan Sigalet - PK : Cody Ceci, Erik Gudbranson
Penalty Shots
Guillaume Latendresse, Sergei Samsonov, Jeff Tambellini, Marian Hossa, Peter Prucha
Scratches
Daniel Sedin (Left Hip Injury), Steve Montador (Right Forearm Injury), Igor Bobkov (Healthy)
% Time on Ice - Flames
Lines # - Real PCT - Wanted PCT - Time Play
Normal Forward
1 - 32% - 38% - 13:30
2 - 29% - 32% - 12:08
3 - 22% - 20% - 9:18
4 - 17% - 10% - 7:21
Normal Defense
1 - 40% - 38% - 16:45
2 - 31% - 29% - 13:13
3 - 23% - 23% - 9:47
4 - 6% - 10% - 2:32
PP Forward
1 - 56% - 60% - 5:59
2 - 44% - 40% - 4:47
PP Defense
1 - 62% - 60% - 6:38
2 - 38% - 40% - 4:08
PK Forward
1 - 44% - 50% - 2:45
2 - 56% - 50% - 3:28
PK Defense
1 - 59% - 58% - 3:40
2 - 41% - 42% - 2:33
PK3 Forward
1 - 0% - 50%
2 - 0% - 50%
PK3 Defense
1 - 0% - 58%
2 - 0% - 42%
44 Forward
1 - 0% - 60%
2 - 0% - 40%
44 Defense
1 - 0% - 60%
2 - 0% - 40%
Last Minute Offensive - 0:00
Last Minute Defensive - 0:44
Total
Forward - 60:00
Defense - 60:00
|
% Time on Ice - Panthers
Lines # - Real PCT - Wanted PCT - Time Play
Normal Forward
1 - 25% - 40% - 10:33
2 - 35% - 30% - 14:59
3 - 24% - 20% - 10:01
4 - 16% - 10% - 6:41
Normal Defense
1 - 42% - 40% - 17:41
2 - 31% - 30% - 13:14
3 - 25% - 20% - 10:28
4 - 2% - 10% - 0:51
PP Forward
1 - 48% - 60% - 3:00
2 - 52% - 40% - 3:13
PP Defense
1 - 66% - 60% - 4:05
2 - 34% - 40% - 2:08
PK Forward
1 - 83% - 60% - 8:59
2 - 17% - 40% - 1:47
PK Defense
1 - 66% - 60% - 7:09
2 - 34% - 40% - 3:37
PK3 Forward
1 - 0% - 60%
2 - 0% - 40%
PK3 Defense
1 - 0% - 60%
2 - 0% - 40%
44 Forward
1 - 0% - 60%
2 - 0% - 40%
44 Defense
1 - 0% - 60%
2 - 0% - 40%
Last Minute Offensive - 0:47
Last Minute Defensive - 0:00
Total
Forward - 60:00
Defense - 60:00
|
Play by Play
1st period
0:01 of 1st period - Eric Staal wins face-off versus Tim Connolly in neutral zone.
0:27 of 1st period - Derek Meech is hit by Peter Prucha and loses puck.
0:32 of 1st period - Wrist shot by Scott Gomez.
0:32 of 1st period - Deflect By Peter Prucha.
0:32 of 1st period - Stopped by Pekka Rinne without a rebound.
0:33 of 1st period - Colin Wilson wins face-off versus Scott Gomez in Flames zone.
0:35 of 1st period - Icing by Steve Regier.
0:36 of 1st period - Shawn Horcoff wins face-off versus Colin Wilson in Flames zone.
1:22 of 1st period - Matthew Spiller is hit by Mikhail Grabovski and loses puck.
1:33 of 1st period - Matthew Spiller is hit by Marcel Goc and loses puck.
1:46 of 1st period - Wrist shot by Jonathan Ferland.
1:46 of 1st period - Shot Misses the Net.
2:00 of 1st period - Wrist shot by Daniel Sedin.
2:00 of 1st period - Shot Blocked by Noah Welch.
2:02 of 1st period - Slapshot by Matthew Spiller.
2:02 of 1st period - Goal by Matthew Spiller - Flames : 0 - Panthers : 1.
2:03 of 1st period - Marian Hossa wins face-off versus Eric Staal in neutral zone.
2:57 of 1st period - Jonathan Sigalet is hit by Steve Regier and loses puck.
3:30 of 1st period - Minor Penalty to Erik Gudbranson for Roughing.
3:31 of 1st period - Scott Gomez wins face-off versus Eric Staal in Panthers zone.
3:31 of 1st period - Scott Gomez is hit by Erik Johnson.
4:02 of 1st period - Marian Hossa is hit by Patrik Berglund and loses puck.
5:30 of 1st period - Penalty to Erik Gudbranson is over, Erik Gudbranson is back on ice.
5:37 of 1st period - Noah Welch is hit by Erik Gudbranson and loses puck.
5:42 of 1st period - Snap shot by Jeff Tambellini.
5:42 of 1st period - Goal by Jeff Tambellini - Flames : 0 - Panthers : 2.
5:43 of 1st period - Tim Connolly wins face-off versus Colin Wilson in neutral zone.
6:12 of 1st period - Icing by Erik Gudbranson.
6:13 of 1st period - Alexander Semin wins face-off versus Scott Gomez in Panthers zone.
6:42 of 1st period - Wrist shot by David Backes.
6:42 of 1st period - Shot Blocked by Scott Gomez.
6:54 of 1st period - Snap shot by Scott Gomez.
6:54 of 1st period - Stopped by Pekka Rinne without a rebound.
6:55 of 1st period - Guillaume Latendresse wins face-off versus Patrik Berglund in Flames zone.
7:04 of 1st period - Guillaume Latendresse is hit by Jordin Tootoo.
7:05 of 1st period - Icing by Guillaume Latendresse.
7:06 of 1st period - Patrik Berglund wins face-off versus Tim Connolly in Panthers zone.
7:17 of 1st period - Slapshot by Erik Johnson.
7:17 of 1st period - Shot Blocked by Jonathan Sigalet.
7:19 of 1st period - Snap shot by Erik Johnson.
7:19 of 1st period - Shot Blocked by Erik Gudbranson.
7:21 of 1st period - Slapshot by Patrik Berglund.
7:21 of 1st period - Stopped by Antti Niemi with a rebound.
7:41 of 1st period - Wrist shot by Alexander Perezhogin.
7:41 of 1st period - Shot Blocked by Erik Johnson.
8:01 of 1st period - Alexander Semin is hit by Scott Gomez and loses puck.
8:12 of 1st period - Wrist shot by Guillaume Latendresse.
8:12 of 1st period - Shot Misses the Net.
8:56 of 1st period - Snap shot by Steve Regier.
8:56 of 1st period - Goal by Steve Regier - Flames : 1 - Panthers : 2.
8:57 of 1st period - Guillaume Latendresse wins face-off versus Patrik Berglund in neutral zone.
9:00 of 1st period - Steve Eminger is hit by Erik Gudbranson and loses puck.
9:22 of 1st period - Noah Welch is hit by Shawn Horcoff and loses puck.
10:12 of 1st period - Snap shot by Jeff Tambellini.
10:12 of 1st period - Shot Misses the Net.
10:30 of 1st period - Wrist shot by Mikhail Grabovski.
10:30 of 1st period - Stopped by Antti Niemi with a rebound.
11:02 of 1st period - Wrist shot by Guillaume Latendresse.
11:02 of 1st period - Shot Misses the Net.
11:04 of 1st period - Slapshot by Marian Hossa.
11:04 of 1st period - Shot Blocked by Eric Staal.
11:06 of 1st period - Slapshot by Jonathan Sigalet.
11:06 of 1st period - Stopped by Pekka Rinne with a rebound.
11:08 of 1st period - Wrist shot by Guillaume Latendresse.
11:08 of 1st period - Shot Misses the Net.
11:40 of 1st period - Minor Penalty to Brad Marchand for Hooking.
11:41 of 1st period - Mikhail Grabovski wins face-off versus Tim Connolly in Flames zone.
12:30 of 1st period - Daniel Sedin is hit by Eric Staal and loses puck.
12:31 of 1st period - Daniel Sedin from Panthers is injured at 12:31 of 1st period (Left Hip).
12:32 of 1st period - Mikhail Grabovski wins face-off versus Tim Connolly in Panthers zone.
12:45 of 1st period - Snap shot by Guillaume Latendresse.
12:45 of 1st period - Shot Misses the Net.
12:47 of 1st period - Snap shot by Jonathan Sigalet.
12:47 of 1st period - Shot Blocked by Ron Hainsey.
12:49 of 1st period - Slapshot by Jonathan Sigalet.
12:49 of 1st period - Shot Misses the Net.
13:40 of 1st period - Penalty to Brad Marchand is over, Brad Marchand is back on ice.
14:05 of 1st period - Wrist shot by Jordin Tootoo.
14:05 of 1st period - Shot Misses the Net.
14:07 of 1st period - Snap shot by Eric Staal.
14:07 of 1st period - Stopped by Antti Niemi without a rebound.
14:08 of 1st period - Colin Wilson wins face-off versus Jonathan Matsumoto in Panthers zone.
14:13 of 1st period - Slapshot by Steve Regier.
14:13 of 1st period - Shot Misses the Net.
14:15 of 1st period - Slapshot by Steve Eminger.
14:15 of 1st period - Stopped by Antti Niemi with a rebound.
14:17 of 1st period - Slapshot by Steve Regier.
14:17 of 1st period - Stopped by Antti Niemi with a rebound.
14:19 of 1st period - Snap shot by Colin Wilson.
14:19 of 1st period - Shot Misses the Net.
14:21 of 1st period - Slapshot by Steve Eminger.
14:21 of 1st period - Shot Misses the Net.
14:23 of 1st period - Slapshot by Steve Eminger.
14:23 of 1st period - Stopped by Antti Niemi with a rebound.
14:33 of 1st period - Radko Gudas is hit by Steve Eminger.
14:41 of 1st period - Mikhail Grabovski is hit by Marian Hossa and loses puck.
14:52 of 1st period - Peter Prucha is hit by David Backes and loses puck.
15:11 of 1st period - William Colbert is hit by Jordin Tootoo and loses puck.
16:05 of 1st period - Off-side.
16:06 of 1st period - Shawn Horcoff wins face-off versus Eric Staal in neutral zone.
16:24 of 1st period - Minor Penalty to Jonathan Sigalet for Hooking.
16:25 of 1st period - Scott Gomez wins face-off versus Eric Staal in Panthers zone.
16:51 of 1st period - Matthew Spiller is hit by Patrik Berglund and loses puck.
18:03 of 1st period - Icing by Jordin Tootoo.
18:04 of 1st period - Patrik Berglund wins face-off versus Tim Connolly in Flames zone.
18:24 of 1st period - Penalty to Jonathan Sigalet is over, Jonathan Sigalet is back on ice.
18:36 of 1st period - Snap shot by Guillaume Latendresse.
18:36 of 1st period - Shot Misses the Net.
18:38 of 1st period - Wrist shot by Guillaume Latendresse.
18:38 of 1st period - Shot Blocked by Steve Eminger.
19:20 of 1st period - Shawn Horcoff is hit by Derek Meech and loses puck.
19:31 of 1st period - Erik Johnson is hit by Scott Gomez and loses puck.
19:42 of 1st period - Sergei Samsonov is hit by Steve Regier and loses puck.
19:49 of 1st period - Derek Meech is hit by Radko Gudas and loses puck.
Goals for this period are 1 for Flames vs 2 for Panthers.
Shots for this period are 7 for Flames vs 5 for Panthers.
2nd period
0:01 of 2nd period - Tim Connolly wins face-off versus Eric Staal in neutral zone.
0:04 of 2nd period - Eric Staal is hit by Guillaume Latendresse and loses puck.
0:31 of 2nd period - Jonathan Sigalet is hit by Derek Meech and loses puck.
0:51 of 2nd period - Off-side.
0:52 of 2nd period - Shawn Horcoff wins face-off versus Colin Wilson in neutral zone.
0:57 of 2nd period - Backhand shot by Alexander Perezhogin.
0:57 of 2nd period - Shot Blocked by Lubomir Visnovsky.
1:07 of 2nd period - Snap shot by Colin Wilson.
1:07 of 2nd period - Deflect By Alexander Perezhogin.
1:07 of 2nd period - Shot Hit the Post.
1:07 of 2nd period - Puck is out of play.
1:08 of 2nd period - Scott Gomez wins face-off versus Eric Staal in Panthers zone.
1:43 of 2nd period - Icing by Erik Johnson.
1:44 of 2nd period - Patrik Berglund wins face-off versus Guillaume Latendresse in Flames zone.
2:10 of 2nd period - Minor Penalty to Eric Staal for Hooking.
2:11 of 2nd period - Tim Connolly wins face-off versus Brad Marchand in Flames zone.
2:14 of 2nd period - Snap shot by Tim Connolly.
2:14 of 2nd period - Shot Misses the Net.
2:20 of 2nd period - Wrist shot by Tim Connolly.
2:20 of 2nd period - Deflect By Guillaume Latendresse.
2:20 of 2nd period - Stopped by Pekka Rinne with a rebound.
2:22 of 2nd period - Snap shot by Marian Hossa.
2:22 of 2nd period - Shot Misses the Net.
2:24 of 2nd period - Wrist shot by Erik Gudbranson.
2:24 of 2nd period - Shot Blocked by Brad Marchand.
2:26 of 2nd period - Snap shot by Marian Hossa.
2:26 of 2nd period - Goal by Marian Hossa - Flames : 1 - Panthers : 3.
2:27 of 2nd period - Eric Staal wins face-off versus Tim Connolly in neutral zone.
2:27 of 2nd period - Eric Staal is hit by Guillaume Latendresse.
2:52 of 2nd period - Alexander Semin is hit by Scott Gomez and loses puck.
3:13 of 2nd period - Snap shot by Michel Ouellet.
3:13 of 2nd period - Shot Blocked by Erik Gudbranson.
3:15 of 2nd period - Snap shot by Ron Hainsey.
3:15 of 2nd period - Stopped by Antti Niemi with a rebound.
3:17 of 2nd period - Wrist shot by Steve Regier.
3:17 of 2nd period - Shot Misses the Net.
3:19 of 2nd period - Slapshot by Steve Regier.
3:19 of 2nd period - Stopped by Antti Niemi without a rebound.
3:20 of 2nd period - Scott Gomez wins face-off versus Eric Staal in Panthers zone.
3:20 of 2nd period - Scott Gomez is hit by Alexander Semin.
3:39 of 2nd period - Icing by Matthew Spiller.
3:40 of 2nd period - Patrik Berglund wins face-off versus Scott Gomez in Panthers zone.
3:47 of 2nd period - Slapshot by Jordin Tootoo.
3:47 of 2nd period - Shot Misses the Net.
3:49 of 2nd period - Wrist shot by Brad Marchand.
3:49 of 2nd period - Stopped by Antti Niemi with a rebound.
4:01 of 2nd period - Minor Penalty to Scott Gomez for Tripping.
4:02 of 2nd period - Shawn Horcoff wins face-off versus Eric Staal in Panthers zone.
4:02 of 2nd period - Shawn Horcoff is hit by Noah Welch.
4:55 of 2nd period - Wrist shot by Jeff Tambellini.
4:55 of 2nd period - Shot Misses the Net.
5:19 of 2nd period - Tim Connolly is hit by Eric Staal and loses puck.
5:38 of 2nd period - Erik Gudbranson is hit by Eric Staal and loses puck.
5:58 of 2nd period - Off-side.
5:59 of 2nd period - Patrik Berglund wins face-off versus Jonathan Matsumoto in neutral zone.
6:01 of 2nd period - Penalty to Scott Gomez is over, Scott Gomez is back on ice.
6:40 of 2nd period - Slapshot by Steve Eminger.
6:40 of 2nd period - Shot Misses the Net.
6:42 of 2nd period - Snap shot by Patrik Berglund.
6:42 of 2nd period - Stopped by Antti Niemi without a rebound.
6:43 of 2nd period - Patrik Berglund wins face-off versus Scott Gomez in Panthers zone.
6:43 of 2nd period - Patrik Berglund is hit by Cody Ceci.
7:07 of 2nd period - Sergei Samsonov is hit by David Backes.
7:17 of 2nd period - Snap shot by Alexander Semin.
7:17 of 2nd period - Shot Misses the Net.
8:59 of 2nd period - Erik Johnson is hit by Marian Hossa and loses puck.
9:13 of 2nd period - Snap shot by Jordin Tootoo.
9:13 of 2nd period - Stopped by Antti Niemi without a rebound.
9:14 of 2nd period - Shawn Horcoff wins face-off versus Eric Staal in Panthers zone.
9:21 of 2nd period - Slapshot by Jonathan Sigalet.
9:21 of 2nd period - Shot Hit the Post.
9:41 of 2nd period - Noah Welch is hit by Erik Gudbranson and loses puck.
9:50 of 2nd period - Slapshot by Michel Ouellet.
9:50 of 2nd period - Stopped by Antti Niemi with a rebound.
10:00 of 2nd period - Slapshot by Mikhail Grabovski.
10:00 of 2nd period - Shot Misses the Net.
10:12 of 2nd period - Snap shot by Jeff Tambellini.
10:12 of 2nd period - Shot Blocked by Erik Johnson.
10:14 of 2nd period - Slapshot by Erik Gudbranson.
10:14 of 2nd period - Stopped by Pekka Rinne without a rebound.
10:15 of 2nd period - Eric Staal wins face-off versus Guillaume Latendresse in Flames zone.
10:15 of 2nd period - Eric Staal is hit by Radko Gudas.
10:26 of 2nd period - Slapshot by Tim Connolly.
10:26 of 2nd period - Shot Blocked by Alexander Semin.
10:28 of 2nd period - Wrist shot by Guillaume Latendresse.
10:28 of 2nd period - Stopped by Pekka Rinne with a rebound.
10:30 of 2nd period - Snap shot by Marian Hossa.
10:30 of 2nd period - Stopped by Pekka Rinne with a rebound.
10:32 of 2nd period - Snap shot by Marian Hossa.
10:32 of 2nd period - Stopped by Pekka Rinne with a rebound.
10:42 of 2nd period - Radko Gudas is hit by Colin Wilson and loses puck.
10:54 of 2nd period - Lubomir Visnovsky is hit by William Colbert and loses puck.
11:25 of 2nd period - Snap shot by Patrik Berglund.
11:25 of 2nd period - Shot Misses the Net.
11:27 of 2nd period - Slapshot by Derek Meech.
11:27 of 2nd period - Stopped by Antti Niemi with a rebound.
11:42 of 2nd period - Snap shot by David Backes.
11:42 of 2nd period - Stopped by Antti Niemi with a rebound.
11:44 of 2nd period - Snap shot by Erik Johnson.
11:44 of 2nd period - Shot Blocked by Erik Gudbranson.
11:46 of 2nd period - Snap shot by Eric Staal.
11:46 of 2nd period - Goal by Eric Staal - Flames : 2 - Panthers : 3.
11:47 of 2nd period - Eric Staal wins face-off versus Marian Hossa in neutral zone.
11:49 of 2nd period - Erik Johnson is hit by Jonathan Sigalet and loses puck.
11:55 of 2nd period - Minor Penalty to Guillaume Latendresse for Roughing.
11:56 of 2nd period - Scott Gomez wins face-off versus Eric Staal in Panthers zone.
12:31 of 2nd period - Snap shot by Patrik Berglund.
12:31 of 2nd period - Goal by Patrik Berglund - Flames : 3 - Panthers : 3.
12:32 of 2nd period - Eric Staal wins face-off versus Tim Connolly in neutral zone.
12:40 of 2nd period - Icing by Erik Gudbranson.
12:41 of 2nd period - Eric Staal wins face-off versus Tim Connolly in Panthers zone.
12:50 of 2nd period - Wrist shot by Jonathan Sigalet.
12:50 of 2nd period - Deflect By Tim Connolly.
12:50 of 2nd period - Shot Misses the Net.
12:50 of 2nd period - Puck is out of play.
12:51 of 2nd period - Tim Connolly wins face-off versus Eric Staal in Flames zone.
12:58 of 2nd period - Wrist shot by Guillaume Latendresse.
12:58 of 2nd period - Stopped by Pekka Rinne with a rebound.
13:46 of 2nd period - Backhand shot by Jeff Tambellini.
13:46 of 2nd period - Shot Misses the Net.
14:04 of 2nd period - Snap shot by Scott Gomez.
14:04 of 2nd period - Shot Misses the Net.
14:06 of 2nd period - Slapshot by Marian Hossa.
14:06 of 2nd period - Deflect By Peter Prucha.
14:06 of 2nd period - Stopped by Pekka Rinne with a rebound.
14:08 of 2nd period - Slapshot by Peter Prucha.
14:08 of 2nd period - Deflect By Noah Welch.
14:08 of 2nd period - Stopped by Pekka Rinne without a rebound.
14:09 of 2nd period - Eric Staal wins face-off versus Tim Connolly in Flames zone.
14:09 of 2nd period - Eric Staal is hit by Guillaume Latendresse.
14:20 of 2nd period - Minor Penalty to Radko Gudas for High sticking.
14:21 of 2nd period - Eric Staal wins face-off versus Scott Gomez in Panthers zone.
14:27 of 2nd period - Wrist shot by David Backes.
14:27 of 2nd period - Shot Blocked by Guillaume Latendresse.
14:29 of 2nd period - Wrist shot by Eric Staal.
14:29 of 2nd period - Shot Misses the Net.
14:31 of 2nd period - Snap shot by David Backes.
14:31 of 2nd period - Shot Misses the Net.
14:33 of 2nd period - Slapshot by David Backes.
14:33 of 2nd period - Stopped by Antti Niemi with a rebound.
14:35 of 2nd period - Snap shot by Alexander Semin.
14:35 of 2nd period - Goal by Alexander Semin - Flames : 4 - Panthers : 3.
14:36 of 2nd period - Eric Staal wins face-off versus Tim Connolly in neutral zone.
14:47 of 2nd period - Slapshot by Eric Staal.
14:47 of 2nd period - Shot Misses the Net.
14:49 of 2nd period - Slapshot by Derek Meech.
14:49 of 2nd period - Stopped by Antti Niemi with a rebound.
14:59 of 2nd period - Minor Penalty to Erik Gudbranson for Holding.
15:00 of 2nd period - Scott Gomez wins face-off versus Eric Staal in Panthers zone.
16:59 of 2nd period - Penalty to Erik Gudbranson is over, Erik Gudbranson is back on ice.
17:20 of 2nd period - Erik Johnson is hit by Sergei Samsonov and loses puck.
18:32 of 2nd period - Snap shot by Sergei Samsonov.
18:32 of 2nd period - Shot Misses the Net.
Goals for this period are 3 for Flames vs 1 for Panthers.
Shots for this period are 13 for Flames vs 9 for Panthers.
3rd period
0:01 of 3rd period - Tim Connolly wins face-off versus Eric Staal in neutral zone.
0:14 of 3rd period - Snap shot by Tim Connolly.
0:14 of 3rd period - Stopped by Pekka Rinne with a rebound.
0:16 of 3rd period - Minor Penalty to Noah Welch for Holding.
0:17 of 3rd period - Mikhail Grabovski wins face-off versus Guillaume Latendresse in Flames zone.
1:01 of 3rd period - Snap shot by Scott Gomez.
1:01 of 3rd period - Shot Misses the Net.
2:16 of 3rd period - Penalty to Noah Welch is over, Noah Welch is back on ice.
2:34 of 3rd period - Jonathan Sigalet is hit by Noah Welch and loses puck.
4:06 of 3rd period - Slapshot by Steve Regier.
4:06 of 3rd period - Stopped by Antti Niemi with a rebound.
4:22 of 3rd period - Wrist shot by Eric Staal.
4:22 of 3rd period - Stopped by Antti Niemi without a rebound.
4:23 of 3rd period - Eric Staal wins face-off versus Scott Gomez in Panthers zone.
4:28 of 3rd period - Wrist shot by Guillaume Latendresse.
4:28 of 3rd period - Stopped by Pekka Rinne without a rebound.
4:29 of 3rd period - Scott Gomez wins face-off versus Patrik Berglund in Flames zone.
4:36 of 3rd period - Slapshot by Peter Prucha.
4:36 of 3rd period - Stopped by Pekka Rinne with a rebound.
4:42 of 3rd period - Wrist shot by Guillaume Latendresse.
4:42 of 3rd period - Stopped by Pekka Rinne with a rebound.
5:00 of 3rd period - Wrist shot by Alexander Semin.
5:00 of 3rd period - Shot Blocked by Erik Gudbranson.
5:48 of 3rd period - Wrist shot by Jonathan Sigalet.
5:48 of 3rd period - Stopped by Pekka Rinne with a rebound.
6:21 of 3rd period - Off-side.
6:22 of 3rd period - Eric Staal wins face-off versus Jonathan Matsumoto in neutral zone.
6:24 of 3rd period - Off-side.
6:25 of 3rd period - Eric Staal wins face-off versus Jonathan Matsumoto in neutral zone.
6:34 of 3rd period - Off-side.
6:35 of 3rd period - Tim Connolly wins face-off versus Eric Staal in neutral zone.
6:38 of 3rd period - Snap shot by Radko Gudas.
6:38 of 3rd period - Deflect By Tim Connolly.
6:38 of 3rd period - Shot Misses the Net.
6:38 of 3rd period - Puck is out of play.
6:39 of 3rd period - Tim Connolly wins face-off versus Eric Staal in Flames zone.
7:35 of 3rd period - Sergei Samsonov is hit by Derek Meech and loses puck.
7:59 of 3rd period - Tomas Kopecky is hit by Marcel Goc and loses puck.
8:54 of 3rd period - Slapshot by Michel Ouellet.
8:54 of 3rd period - Deflect By Steve Regier.
8:54 of 3rd period - Deflect By Tim Connolly.
8:54 of 3rd period - Stopped by Antti Niemi without a rebound.
8:55 of 3rd period - Eric Staal wins face-off versus Scott Gomez in Panthers zone.
9:26 of 3rd period - Snap shot by Jeff Tambellini.
9:26 of 3rd period - Stopped by Pekka Rinne without a rebound.
9:27 of 3rd period - Tomas Kopecky wins face-off versus Patrik Berglund in Flames zone.
9:28 of 3rd period - Slapshot by Jeff Tambellini.
9:28 of 3rd period - Stopped by Pekka Rinne without a rebound.
9:29 of 3rd period - Guillaume Latendresse wins face-off versus Patrik Berglund in Flames zone.
9:38 of 3rd period - Wrist shot by Marian Hossa.
9:38 of 3rd period - Shot Misses the Net.
9:40 of 3rd period - Wrist shot by Tim Connolly.
9:40 of 3rd period - Stopped by Pekka Rinne with a rebound.
9:42 of 3rd period - Wrist shot by Guillaume Latendresse.
9:42 of 3rd period - Shot Blocked by Jordin Tootoo.
9:44 of 3rd period - Wrist shot by Tim Connolly.
9:44 of 3rd period - Deflect By Erik Johnson.
9:44 of 3rd period - Shot Blocked by Erik Johnson.
9:44 of 3rd period - Puck is out of play.
9:45 of 3rd period - Peter Prucha wins face-off versus Eric Staal in Flames zone.
9:58 of 3rd period - Derek Meech is hit by Guillaume Latendresse.
10:41 of 3rd period - Icing by Noah Welch.
10:42 of 3rd period - Colin Wilson wins face-off versus Scott Gomez in Flames zone.
10:54 of 3rd period - Minor Penalty to Scott Gomez for Hooking.
10:55 of 3rd period - Shawn Horcoff wins face-off versus Eric Staal in Panthers zone.
11:13 of 3rd period - Guillaume Latendresse is hit by Eric Staal and loses puck.
11:42 of 3rd period - Cody Ceci is hit by Steve Regier and loses puck.
12:07 of 3rd period - Jeff Tambellini is hit by Alexander Semin and loses puck.
12:54 of 3rd period - Penalty to Scott Gomez is over, Scott Gomez is back on ice.
12:58 of 3rd period - Icing by Steve Regier.
12:59 of 3rd period - Patrik Berglund wins face-off versus Scott Gomez in Flames zone.
13:07 of 3rd period - Icing by Marian Hossa.
13:08 of 3rd period - Scott Gomez wins face-off versus Mikhail Grabovski in Panthers zone.
13:08 of 3rd period - Scott Gomez is hit by Marcel Goc.
13:21 of 3rd period - William Colbert is hit by Jonathan Ferland.
13:48 of 3rd period - Minor Penalty to Eric Staal for Hooking.
13:49 of 3rd period - Tim Connolly wins face-off versus Brad Marchand in Flames zone.
14:22 of 3rd period - Snap shot by Alexander Semin.
14:22 of 3rd period - Shot Misses the Net.
15:48 of 3rd period - Penalty to Eric Staal is over, Eric Staal is back on ice.
15:51 of 3rd period - Sergei Samsonov is hit by Erik Johnson and loses puck.
17:08 of 3rd period - Patrik Berglund is hit by Guillaume Latendresse and loses puck.
17:33 of 3rd period - Wrist shot by Marcel Goc.
17:33 of 3rd period - Stopped by Antti Niemi with a rebound.
17:56 of 3rd period - Matthew Spiller is hit by David Backes.
18:39 of 3rd period - Cody Ceci is hit by Derek Meech and loses puck.
19:06 of 3rd period - Backhand shot by Alexander Semin.
19:06 of 3rd period - Stopped by Antti Niemi with a rebound.
19:08 of 3rd period - Wrist shot by Derek Meech.
19:08 of 3rd period - Stopped by Antti Niemi without a rebound.
19:09 of 3rd period - Alain Vigneault call a timeout for Panthers.
19:09 of 3rd period - Tim Connolly wins face-off versus Eric Staal in Panthers zone.
19:32 of 3rd period - Wrist shot by Alexander Semin.
19:32 of 3rd period - Shot Misses the Net.
19:34 of 3rd period - Snap shot by Derek Meech.
19:34 of 3rd period - Goal by Derek Meech - Flames : 5 - Panthers : 3.
19:35 of 3rd period - Shawn Horcoff wins face-off versus Colin Wilson in neutral zone.
Goals for this period are 1 for Flames vs 0 for Panthers.
Shots for this period are 7 for Flames vs 8 for Panthers.
Back to the Top